 Dungeon Crawl Stone Soup version 0.32-a0-135-g14f8b2e (webtiles) character file.

Game seed: 1726212715233512873

48 jagoly the Ruffian (level 3, -6/33 HPs)
             Began as a Draconian Chaos Knight on Feb 10, 2024.
             Was a Plaything of Xom.
             Mangled by Natasha the ogre (12 damage)
             ... on level 2 of the Dungeon.
             The game lasted 00:05:08 (1292 turns).

jagoly the Ruffian (Draconian Chaos Knight)         Turns: 1292, Time: 00:05:08

Health: -6/33      AC:  5    Str: 15 (16) XL:     3   Next: 50%
Magic:  3/3        EV: 12    Int: 14      God:    Xom [......]
Gold:   84         SH:  0    Dex: 10      Spells: 2/2 levels left

rFire   . .          .
                       - Unarmed
rCold   . . .        (no shield)
rNeg    . . .        (body armour unavailable)
rPois   .            (helmet restricted)
rElec   .            (no cloak)
rCorr   .            (no gloves)
SInv    .            (no boots)
Will    .....        h - amulet "Kaiphogh" {Faith Int+2}
Stlth   +            (no ring)
HPRegen 0.25/turn    (no ring)
MPRegen 0.08/turn

%: faith
@: no status effects
A: AC +5, unfitting armour, cold-blooded
a: Renounce Religion


You were on level 2 of the Dungeon.
You worshipped Xom.
You were a very special plaything of Xom.
You visited 1 branch of the dungeon, and saw 2 of its levels.

You collected 84 gold pieces.

Inventory:

Missiles
 b - 10 stones (quivered)
Armour
 i - a +0 pair of gloves
Jewellery
 h - the amulet "Kaiphogh" (around neck) {Faith Int+2}
   (You found it on level 2 of the Dungeon)

   [amulet of faith]

   Faith:     It allows you to gain divine favour quickly.
   Int+2:     It affects your intelligence (+2).
Scrolls
 a - a scroll of butterflies
 c - 2 scrolls of identify {unknown}
 g - a scroll of acquirement {unknown}
Potions
 d - a potion of degeneration {unknown}
 e - 2 potions of curing
 f - a potion of heal wounds {unknown}


   Skills:
 + Level 3.7 Fighting
 + Level 2.6 Dodging
 * Level 3.9 Unarmed Combat


You had 2 spell levels left.
You didn't know any spells.
Your spell library contained the following spells:

 Spells                   Type           Power      Damage    Failure   Level
 Cigotuvi's Dreadful Rot  Necr/Alch/Air  0%         N/A       41%         2
 Dispel Undead            Necr           0%         3d6       96%         4
 Martyr's Knell           Necr/Summ      0%         N/A       96%         4
 Death Channel            Necr           0%         N/A       100%        6


Dungeon Overview and Level Annotations

Branches:
Dungeon (2/15) Zot: 10706

Altars:

Annotations:
D:2 Natasha


Innate Abilities, Weirdness & Mutations

Your plain brown scales are hard. (AC +5)
You cannot fit into any form of body armour.
You are cold-blooded and may be slowed by cold attacks.


Message History

The quokka closely misses you.
You hit the quokka.
The quokka is almost dead.
The quokka closely misses you. The quokka misses you.
You hit the quokka.
You kill the quokka!
No target in view!
No target in view!
HP restored.
A kobold comes into view. It is wielding a +0 club.
The kobold shouts!
A kobold is nearby!
The kobold throws a stone.
The stone hits you but does no damage. The kobold completely misses you.
You closely miss the kobold. You tail-slap the kobold.
The kobold is moderately wounded.
The kobold barely misses you.
You hit the kobold.
You kill the kobold!
No target in view!
No target in view!
b - 7 stones (gained 2)
You see here a +0 club.
Found a scroll labelled HILATOE PAST.
c - a scroll labelled HILATOE PAST
Found 4 gold pieces.
Found a scale mail.
You now have 14 gold pieces (gained 4).
Found a stone staircase leading down.
A bat comes into view.
Found 13 gold pieces.
You feel a little less clever now. The bat closely misses you.
You barely miss the bat. The bat misses you.
The bat hits you but does no damage. The bat hits you but does no damage.
You hit the bat.
The bat is heavily wounded.
The bat hits you but does no damage.
You closely miss the bat.
Your tail-slap misses the bat.
The bat is heavily wounded.
The bat barely misses you.
You hit the bat.
You kill the bat!
You have reached level 2!
You now have 27 gold pieces (gained 13).
A quokka comes into view.
You hit the quokka but do no damage.
The quokka bites you but does no damage.
You closely miss the quokka. The quokka closely misses you.
The quokka bites you but does no damage.
You miss the quokka.
Your tail-slap misses the quokka.
The quokka barely misses you.
You hit the quokka.
The quokka is lightly wounded.
The quokka barely misses you.
You barely miss the quokka.
Your tail-slap misses the quokka.
The quokka is lightly wounded.
The quokka bites you but does no damage.
You closely miss the quokka.
Your tail-slap misses the quokka.
The quokka is lightly wounded.
The quokka barely misses you.
You hit the quokka.
The quokka is almost dead.
The quokka bites you.
You hit the quokka but do no damage.
The quokka is almost dead.
The quokka bites you.
You hit the quokka.
You kill the quokka!
No target in view!
No target in view!
Xom is getting BORED.
You are now a BORING thing.
HP restored.
You almost hear Xom's maniacal laughter.
You do an impromptu tapdance.
You are now a toy of Xom.
You see here a bat corpse.
Found a dagger.
HP restored.
b - 8 stones (gained 1)
You open the door.
A bat comes into view.
There is an open door here.
The bat barely misses you. The bat misses you.
You closely miss the bat.
Your tail-slap misses the bat.
The bat misses you. The bat hits you but does no damage. The bat misses you.
You hit the bat.
The bat is moderately wounded.
The bat barely misses you. The bat completely misses you.
The bat closely misses you.
You miss the bat.
The bat is moderately wounded.
The bat barely misses you. The bat closely misses you.
You hit the bat but do no damage.
Your tail-slap misses the bat.
The bat is moderately wounded.
The bat hits you. The bat misses you.
You hit the bat but do no damage.
The bat is moderately wounded.
The bat barely misses you.
You closely miss the bat.
The bat is moderately wounded.
The bat barely misses you. The bat misses you.
The bat hits you but does no damage.
You hit the bat.
You kill the bat!
No target in view!
As you open the door, it creaks loudly!
There is an open door here.
Found a mace.
d - a fuming yellow potion You see here a +0 mace.
You pick up a book of Decay and begin reading...
You add the spells Cigotuvi's Dreadful Rot, Dispel Undead, Martyr's Knell and Death Channel to your library.
A ball python comes into view.
The ball python bites you but does no damage.
The ball python grabs you. The ball python constricts you.
You closely miss the ball python.
The ball python bites you but does no damage.
The ball python constricts you.
You hit the ball python.
You kill the ball python!
No target in view!
No target in view!
A rat comes into view.
A rat is nearby!
The rat squeaks loudly.
A kobold comes into view. It is wielding a +0 whip.
The kobold shouts!
You barely miss the rat. The rat bites you but does no damage.
You closely miss the rat.
The rat twitches its whiskers.
The rat barely misses you.
You hit the kobold.
You kill the kobold!
The rat completely misses you.
You hit the rat but do no damage. Your punch misses the rat. The rat bites you.
You closely miss the rat. You punch the rat.
You kill the rat!
No target in view!
e - a brown potion You open the door.
Key pressed, stopping explore.
You see here a bat skeleton.
You see here a +0 dagger.
Key pressed, stopping explore.
You open the door.
Found a scale mail.
No reachable target in view!
No reachable target in view!
The bat barely misses you.
You hit the bat.
You kill the bat!
You open the large door.
Key pressed, stopping explore.
You enter the shallow water.
Moving in this stuff is going to be slow.
A frilled lizard comes into view.
Found a metallic red potion.
A frilled lizard is nearby!
The frilled lizard bites you.
You hit the frilled lizard.
You kill the frilled lizard!
No target in view!
You now have 43 gold pieces (gained 16).
f - a metallic red potion You enter the shallow water.
Moving in this stuff is going to be slow.
You enter the shallow water.
Moving in this stuff is going to be slow.
Xom's attention almost turns to you for a moment.
From the corner of your eye you spot something lurking in the deep water.
You enter the shallow water.
Moving in this stuff is going to be slow.
You see here a +0 chain mail.
You enter the shallow water.
Moving in this stuff is going to be slow.
Partly explored, can't reach some places.
You see here a hobgoblin skeleton.
There is a stone staircase leading down here.
You climb downwards.
There is a stone staircase leading up here.
Found a ring mail.
Found a stone staircase leading down.
Natasha, Servant of Life and Death comes into view.
Press: ? - help, v - describe, . - travel
Here: Natasha (asleep)
The floor.
Placed new exclusion.
An adder comes into view.
The adder hisses angrily.
Okay, then.
You throw a stone. The stone closely misses the adder.
You throw a stone. The stone closely misses the adder.
You throw a stone.
The stone hits the adder but does no damage.
You hit the adder.
The adder is heavily wounded.
The adder bites you.
You miss the adder.
The adder is heavily wounded.
The adder bites you.
You are poisoned.
The adder poisons you! The adder barely misses you.
You hit the adder but do no damage. You tail-slap the adder.
The adder is heavily wounded.
You feel sick. The adder closely misses you.
You hit the adder but do no damage.
The adder is heavily wounded.
You feel sick. The adder barely misses you.
You hit the adder.
The adder is severely wounded.
You feel sick. The adder bites you.
You hit the adder.
The adder is almost dead.
You feel sick. The adder completely misses you.
You closely miss the adder.
Your tail-slap misses the adder.
The adder is almost dead.
You feel sick. The adder bites you but does no damage.
You barely miss the adder.
The adder is almost dead.
You feel sick. The adder closely misses you.
The adder bites you but does no damage.
You hit the adder.
You kill the adder!
You feel sick.
You are no longer poisoned.
HP restored.
An endoplasm comes into view.
The endoplasm jiggles.
You hit the endoplasm. You tail-slap the endoplasm.
You kill the endoplasm!
There is a stone staircase leading down here.
You now have 51 gold pieces (gained 8).
g - a scroll labelled ORYENK AZUCSE A rat comes into view.
The rat squeaks loudly.
The rat bites you but does no damage.
You hit the rat.
You kill the rat!
You see here a rat corpse.
An adder comes into view.
The adder moves out of view.
Partly explored, can't reach some places.
There is a stone staircase leading up here.
You climb upwards.
There is a stone staircase leading down here.
There is an open door here.
You see here a +0 dagger.
You see here a bat skeleton.
There is a stone staircase leading down here.
You climb downwards.
Level annotation: Natasha
There is a stone staircase leading up here.
Found a scale mail.
Found a stone staircase leading down.
h - the amulet "Kaiphogh" {Faith Int+2} Unknown command.
You start putting on your amulet.
You continue putting on the amulet "Kaiphogh" {Faith Int+2}. x5
You finish putting on the amulet "Kaiphogh" {Faith Int+2}.
You feel a surge of divine interest.
You feel clever.
h - the amulet "Kaiphogh" (around neck) {Faith Int+2} A goblin comes into view.
It is wielding a +0 dagger.
The goblin shouts!
A rat comes into view.
The rat squeaks loudly.
The rat barely misses you.
You hit the rat but do no damage. Your punch misses the rat.
The rat bites you but does no damage.
You closely miss the rat. The rat bites you.
You closely miss the goblin.
You tail-slap the goblin, but do no damage.
The rat bites you. The goblin misses you.
You hit the goblin but do no damage. You tail-slap the goblin.
You kill the goblin!
A dart slug comes into view.
The rat bites you.
You hit the rat.
You kill the rat!
The dart slug launches a dart at you. The slug dart misses you.
Found a brown potion.
Things that are here:
a +0 dagger; a goblin corpse You see here 17 gold pieces.
You hit the dart slug.
The dart slug is moderately wounded.
The dart slug bites you.
You hit the dart slug.
The dart slug is severely wounded.
The dart slug closely misses you.
You hit the dart slug. You punch the dart slug.
The dart slug is almost dead.
You hit the dart slug.
You kill the dart slug!
You have reached level 3!
Your experience leads to an increase in your attributes!
Your base attributes are Str 14, Int 12, Dex 10.
Increase (S)trength, (I)ntelligence, or (D)exterity?
You feel stronger. x2; Your scales feel tougher.
You now have 68 gold pieces (gained 17).
HP restored.
e - 2 brown potions (gained 1)
You see here a +0 scale mail.
A kobold comes into view. It is wielding a +0 club.
The kobold shouts!
The kobold throws a stone.
The stone barely misses you. The kobold hits you but does no damage.
You hit the kobold.
You kill the kobold!
No target in view!
b - 10 stones (gained 5)
You see here a +0 club.
A bat comes into view.
You hit the bat.
The bat is moderately wounded.
The bat hits you but does no damage. x2
You hit the bat.
You kill the bat!
No target in view!
You now have 71 gold pieces (gained 3).
The adder hisses angrily.
You hit the adder but do no damage.
You tail-slap the adder, but do no damage.
The adder closely misses you.
You hit the adder.
The adder is heavily wounded.
The adder bites you.
You punch the adder!
You kill the adder!
You are now a very special plaything of Xom.
You now have 84 gold pieces (gained 13). 3 jackals come into view.
The jackal barks! x2
A jackal comes into view.
Found a stone staircase leading down.
The jackal barely misses you. The jackal misses you.
You hit the jackal.
The jackal is heavily wounded.
The jackal bites you but does no damage.
You punch the jackal!
You kill the jackal!
The jackal closely misses you.
You punch the jackal!
You kill the jackal!
You hit the jackal but do no damage.
The jackal bites you but does no damage.
You hit the jackal but do no damage. You tail-slap the jackal.
The jackal is almost dead.
The jackal bites you. The jackal closely misses you.
You barely miss the jackal.
The jackal is almost dead.
The jackal closely misses you.
You hit the jackal.
You kill the jackal!
You hit the jackal.
The jackal is almost dead.
The jackal bites you.
You punch the jackal!
You kill the jackal!
No target in view!
Things that are here:
a jackal corpse; a jackal corpse; a jackal corpse Key pressed, stopping explore.
There is a stone staircase leading down here.
e - 4 brown potions (gained 2)
A rat comes into view.
The rat barely misses you.
You hit the rat.
You kill the rat!
No target in view!
No target in view!
c - 2 scrolls labelled HILATOE PAST (gained 1)
Found a pair of gloves.
Natasha hisses angrily.
Found a stone staircase leading up.
Natasha howls an incantation.
Natasha's front paws start to glow.
You see here a +0 pair of gloves.
i - a +0 pair of gloves Natasha casts a spell.
Natasha mumbles some strange words.
The cerulean imp attacks as it pursues you!
The cerulean imp hits you but does no damage.
The cerulean imp hits you from afar with a +0 spear.
The cerulean imp attacks as it pursues you!
The cerulean imp hits you but does no damage.
The cerulean imp closely misses you.
The cerulean imp attacks as it pursues you!
The cerulean imp hits you from afar with a +0 spear.
You emit a cloud of colourful smoke!
The cerulean imp disappears in a puff of smoke! "Fight to survive, mortal."
The bat closely misses you.
The cerulean imp disappears in a puff of smoke!
The ball python attacks as it pursues you!
The ball python closely misses you. The ball python grabs you.
The ball python constricts you.
You escape the ball python's grasp.
The ball python attacks as it pursues you!
The ball python bites you. The ball python barely misses you.
The ball python bites you but does no damage.
The ball python barely misses you.
There is a stone staircase leading up here.
The ball python barely misses you. The ball python grabs you.
You stop ascending the stairs.
The ball python constricts you.
You escape the ball python's grasp.
The ball python bites you but does no damage.
The ball python barely misses you.
You climb upwards.
There is a stone staircase leading down here.
There is a stone staircase leading down here.
You start resting.
HP restored.
You start resting.
HP restored.
You climb downwards.
Level annotation: Natasha The bat hits you but does no damage.
The ball python barely misses you. The ball python grabs you.
The ball python constricts you.
There is a stone staircase leading up here.
You hit the ball python but do no damage.
Your tail-slap misses the ball python.
The bat hits you but does no damage. The ball python barely misses you.
The ball python constricts you. The ball python barely misses you.
The ball python constricts you.
You hit the ball python.
The ball python is severely wounded. "This might be better!"
Natasha evaporates and reforms as an ogre!
The ball python bites you. The ball python constricts you.
The ball python's grasp on you weakens, but your attempt to escape fails.
Natasha hits you!
The ball python bites you but does no damage.
The ball python constricts you.
You escape the ball python's grasp.
Press: ? - help, v - describe, . - travel
Here: Natasha the ogre A stone staircase leading up.
You aren't carrying any items that you can evoke.
Attack: -) Nothing wielded
Press: ? - help, Dir - move target, f - Natasha
Aim: Natasha the ogre (about 23% to evade your hands)
You barely miss Natasha. Natasha hits you!
Ouch! That really hurt!
* * * LOW HITPOINT WARNING * * *
It was a potion of curing.
You feel better.
Xom roars with laughter!
Attack: -) Nothing wielded
Press: ? - help, Dir - move target, f/p - Natasha
Aim: Natasha the ogre (about 23% to evade your hands)
You hit Natasha.
Your tail-slap misses Natasha.
Natasha is lightly wounded.
Natasha growls.
Natasha closely misses you.
Attack: -) Nothing wielded
Press: ? - help, Dir - move target, f/p - Natasha
Aim: Natasha the ogre (lightly wounded, about 23% to evade your hands)
You hit Natasha but do no damage.
Natasha is lightly wounded.
Attack: -) Nothing wielded
Press: ? - help, Dir - move target, f/p - Natasha
Aim: Natasha the ogre (lightly wounded, about 23% to evade your hands)
You hit Natasha.
Natasha is lightly wounded.
Natasha closely misses you.
Attack: -) Nothing wielded
Press: ? - help, Dir - move target, f/p - Natasha
Aim: Natasha the ogre (lightly wounded, about 23% to evade your hands)
You hit Natasha.
Natasha is lightly wounded.
Natasha hits you.
* * * LOW HITPOINT WARNING * * *
Attack: -) Nothing wielded
Press: ? - help, Dir - move target, f/p - Natasha
Aim: Natasha the ogre (lightly wounded, about 23% to evade your hands)
You barely miss Natasha.
Natasha is lightly wounded. "You have displeased me, mortal."
You feel weakened.
Attack: -) Nothing wielded
Press: ? - help, Dir - move target, f/p - Natasha
Aim: Natasha the ogre (lightly wounded, about 23% to evade your hands)
You hit Natasha.
Natasha is moderately wounded.
Natasha hits you!
* * * LOW HITPOINT WARNING * * *
You feel better.
Xom's attention almost turns to you for a moment.
Your 2 scrolls labelled HILATOE PAST briefly vibrate.
Natasha hits you!
You die...
Natasha begins licking its fur clean.
Xom titters!

## #. #.# #.. #..
# #..####.#
#..SO@..#
#.#.##### #. ##.##
#. ##b# # ##.##
#.#b########
#....b..>..#
#..###.#[#.#######
#.. ##.#.#.......#


You could see Natasha the ogre and a ball python (summoned).

Vanquished Creatures
  2 adders (D:2)
  A dart slug (D:2)
  An endoplasm (D:2)
  A goblin (D:2)
  A hobgoblin (D:1)
  4 jackals (D:2)
  3 kobolds
  2 quokkas (D:1)
  A ball python (D:1)
  7 bats
  A frilled lizard (D:1)
  4 rats
28 creatures vanquished.

Notes
Turn   | Place    | Note
-------+----------+-------------------------------------------
     0 | D:1      | jagoly the Draconian Chaos Knight began the quest for the
                  | Orb.
     0 | D:1      | Reached XP level 1. HP: 19/19 MP: 1/1
    51 | D:1      | XOM: potion effect (curing)
    57 | D:1      | XOM: potion effect (brilliance)
   145 | D:1      | Reached XP level 2. HP: 26/26 MP: 2/2
   170 | D:1      | XOM is BORED!
   170 | D:1      | XOM: silly message
   628 | D:1      | XOM: silly message
   736 | D:2      | Noticed Natasha
   976 | D:2      | Identified the amulet "Kaiphogh" {Faith Int+2}
  1000 | D:2      | Reached XP level 3. HP: 31/33 MP: 3/3
  1243 | D:2      | XOM: smoke on damage
  1248 | D:2      | XOM: summons 2 hostile shadow creatures
  1281 | D:2      | Natasha changed into Natasha the ogre
  1281 | D:2      | Noticed Natasha
  1281 | D:2      | XOM: polymorph Natasha -> Natasha the ogre
  1290 | D:2      | XOM: stat loss: -1 Str (15/16)
  1291 | D:2      | HP: 1/33 [Natasha the ogre (8)]
  1292 | D:2      | XOM: silly message
  1292 | D:2      | Mangled by Natasha the ogre

Illustrated notes

Levels and vault maps discovered:
D:1:      wander_arrival_lonely_grave, layout_basic, chequers_big_river,
          minmay_misc_feat_alley
D:2:      layout_loops_cross, uniq_natasha

Action                     || total
---------------------------++-------
  Melee: Unarmed           ||    94
         Tailslap          ||     7
         Punch             ||     2
  Throw: Stone             ||     3
    Use: Potion            ||     2
 Armour: Skin              ||    64
  Dodge: Dodged            ||    69

Table legend: (Time is in decaauts)
 A = Elapsed time spent in this place.
 B = Non-inter-level travel time spent in this place.
 C = Inter-level travel time spent in this place.
 D = Time resting spent in this place.
 E = Time spent auto-exploring this place.
 F = Levels seen in this place.
 G = Mean time per level.
                   A        B        C        D        E       F      G
               +--------+--------+--------+--------+--------+-----+--------+
         Total |   1292 |   1219 |     73 |     14 |    859 |   2 |  646.0 |
       Dungeon |   1292 |   1219 |     73 |     14 |    859 |   2 |  646.0 |
               +--------+--------+--------+--------+--------+-----+--------+

Top non-repeatable levels by time:
     D:1: 756 daAuts
     D:2: 536 daAuts
